AoeStats
← claudio_miranda_94

Arena

509797648Analyzed
2v2 RM · 5d ago on Sep 28, 2026· 53m 4s· 4 players
Game mode
Random Map
Map size
Medium (4 player)
Population
200
Speed
Normal
Resources
Standard
Victory
Conquest
Starting age
Dark Age
Ending age
Imperial Age
RankedLock teamsTeams togetherTeam positionsShared explorationLock speedFull tech treeHidden civsTurbo modeCheats
Victory
Defeat
🇺🇸 Franks · United States
810
+16
🇺🇸 Celts · United States
787
+16
🇨🇱 Turks · Chile
825
-17
🇵🇦 Saxons · Panama
772
-15
ultradesk
0:58 Loom
11:03 Feudal Age
15:48 Castle Age
14:07 Double-Bit Axe
15:18 Stone Mining
15:46 Town Watch
17:22 Bow Saw
21:19 Wheelbarrow
30:31 Imperial Age
28:57 Gold Mining
30:40 Hand Cart
30:25 Town Patrol
31:32 Ballistics
31:18 Siege Engineers
31:46 Onager
36:05 Gold Shaft Mining
36:49 Fletching
37:10 Forging
37:00 Scale Mail Armor
36:34 Siege Onager
36:54 Light Cavalry
38:01 Cavalier
43:44 Chemistry
46:52 Bodkin Arrow
49:29 Hussar
51:01 Husbandry
52:43 Scale Barding Armor
RadagastTheBrown
11:22 Feudal Age
15:56 Castle Age
14:02 Double-Bit Axe
18:51 Loom
21:29 Fletching
23:32 Forging
25:06 Scale Mail Armor
27:09 Husbandry
29:17 Iron Casting
33:34 Imperial Age
33:50 Bodkin Arrow
34:01 Scale Barding Armor
34:12 Chain Mail Armor
34:51 Conscription
34:56 Elite Throwing Axeman
35:01 Light Cavalry
39:01 Cavalier
42:00 Capped Ram
44:44 Blast Furnace
46:12 Paladin
49:16 Chain Barding Armor
49:26 Plate Mail Armor
51:11 Plate Barding Armor
claudio_miranda_94
7:48 Loom
8:20 Loom
10:49 Feudal Age
17:12 Castle Age
15:48 Horse Collar
16:07 Double-Bit Axe
17:03 Gold Mining
17:24 Stone Mining
19:21 Bow Saw
19:32 Heavy Plow
27:25 Town Watch
28:17 Wheelbarrow
30:16 Imperial Age
28:06 Murder Holes
29:16 Town Patrol
30:40 Gold Shaft Mining
30:22 Masonry
30:33 Ballistics
29:55 Treadmill Crane
30:50 Sipahi
31:59 Thumb Ring
32:40 Hand Cart
34:17 Elite Janissary
40:21 Two-Man Saw
42:02 Artillery
42:22 Conscription
47:13 Hoardings
48:53 Padded Archer Armor
48:44 Fletching
49:28 Parthian Tactics
48:24 Heavy Cavalry Archer
Son of Ragnar
11:31 Feudal Age
16:38 Castle Age
14:30 Double-Bit Axe
14:27 Horse Collar
16:15 Stone Mining
20:25 Heavy Plow
22:34 Wheelbarrow
23:18 Gold Mining
24:30 Bow Saw
27:06 Scale Mail Armor
27:17 Forging
27:18 Squires
27:16 Gambesons
28:52 Gold Shaft Mining
28:06 Loom
35:04 Chain Mail Armor
35:25 Iron Casting
37:12 Herbal Medicine
Connection lost

Rejoining the realm…

Still unreachable

The connection could not be restored.

Session expired

The server has moved on; the page needs a fresh start.